 Dungeon Crawl Stone Soup version 0.20.1-1-g8b1a95d (webtiles) character file.

3942 HeyBub the Sneak (level 10, -3/76 HPs)
             Began as a Demonspawn Monk on July 9, 2017.
             Was an Elder of Dithmenos.
             Killed by divine providence
             ... invoked by an orc priest
              (15 damage)
             ... on level 8 of the Dungeon.
             The game lasted 00:28:15 (5832 turns).

HeyBub the Sneak (Demonspawn Monk)                  Turns: 5832, Time: 00:28:17

Health: -3/76      AC:  6    Str: 17    XL:     10   Next: 1%
Magic:  12/16      EV: 15    Int: 22    God:    Dithmenos [****..]
Gold:   325        SH:  4    Dex: 17    Spells: 10/17 levels left

rFire    + . .     SeeInvis .   s - +5 short sword (venom)
rCold    . . .     Gourm    .   (no shield)
rNeg     . . .     Faith    .   n - +2 robe {rF+}
rPois    .         Spirit   .   p - +0 helmet
rElec    .         Reflect  .   (no cloak)
rCorr    .         Harm     .   j - +0 pair of gloves
MR       .....                  (no boots)
Stlth    +++++.....             (no amulet)
Regen    0.3/turn               r - +5 ring of intelligence
MPRegen  0.2/turn               q - +4 ring of strength

@: brilliant, wreathed by umbra
A: hooves 1, large bone plates 1, demonic guardian 1, powered by death 3
a: Shadow Step, Renounce Religion


You were on level 8 of the Dungeon.
You worshipped Dithmenos.
Dithmenos was greatly pleased with you.
You were very hungry.

You visited 1 branch of the dungeon, and saw 8 of its levels.
You also visited: Ossuary.

You collected 325 gold pieces.

Inventory:

Hand Weapons
 s - a +5 short sword of venom (weapon)
 t - a +1 falchion of slicing
 I - a +1 short sword of protection
Missiles
 l - 78 stones (quivered)
 G - 44 sling bullets
Armour
 e - a +1 scale mail of fire resistance
 j - a +0 pair of gloves (worn)
 n - a +2 robe of fire resistance (worn)
 p - a +0 helmet (worn)
 J - a +1 robe of positive energy
Jewellery
 b - a +2 ring of evasion
 q - a +4 ring of strength (right hand)
 r - a +5 ring of intelligence (left hand)
 x - a cursed ring of loudness {unknown}
 K - an uncursed ring of protection from cold {unknown}
Wands
 w - a wand of lightning (5/15)
 D - a wand of lightning (9/15)
 P - a wand of iceblast (7/15)
Scrolls
 d - a scroll of summoning {unknown}
 g - 4 scrolls of fog
 o - a scroll of magic mapping
 y - a scroll of noise {unknown}
 A - 2 scrolls of remove curse
 B - a scroll of recharging
 F - a scroll of teleportation
 L - 2 scrolls of amnesia
 M - a scroll of brand weapon {unknown}
 O - a scroll of holy word {unknown}
Potions
 h - 2 potions of flight
 i - 3 potions of agility {unknown}
 k - 3 potions of curing {unknown}
 m - 4 potions of lignification {unknown}
 v - 2 potions of heal wounds {unknown}
 z - 3 potions of berserk rage {unknown}
 H - a potion of haste {unknown}
 N - 2 potions of might
Books
 C - a book of Minor Magic

   Spells                             Type                      Level
   a - Magic Dart                     Conjuration                  1
   b - Blink                          Translocation                2
   c - Call Imp                       Summoning                    2
   d - Slow                           Hexes                        2
   e - Conjure Flame                  Conjuration/Fire             3
   f - Mephitic Cloud                 Conjuration/Poison/Air       3
 E - a book of Maledictions

   Spells                             Type                      Level
   a - Corona                         Hexes                        1
   b - Ensorcelled Hibernation        Hexes/Ice                    2
   c - Confuse                        Hexes                        3
   d - Tukima's Dance                 Hexes                        3
   e - Dazzling Spray                 Conjuration/Hexes            3
Comestibles
 c - 4 bread rations
 f - 3 meat rations
 u - 2 royal jellies


   Skills:
 + Level 5.7 Fighting
 + Level 6.5(7.0) Short Blades
 + Level 3.7(5.6) Long Blades
 + Level 5.1 Dodging
 - Level 7.2 Stealth
 + Level 4.2 Spellcasting
 + Level 1.8 Hexes
 + Level 3.9 Summonings
 + Level 1.5 Translocations


You had 10 spell levels left.
You knew the following spells:

 Your Spells              Type           Power        Failure   Level  Hunger
a - Call Imp              Summ           #####...     1%          2    #......
b - Blink                 Tloc           N/A          1%          2    #......
c - Corona                Hex            ####...      1%          1    None
d - Slow                  Hex            ####....     1%          2    #......


Dungeon Overview and Level Annotations

Branches:
Dungeon (8/15)             Temple (0/1) D:6
   Lair: D:8-11

Altars:
Dithmenos
Gozag
Nemelex Xobeh
Vehumet
The Shining One

Annotations:
D:8 1 transporter


Innate Abilities, Weirdness & Mutations

You have large cloven feet.
You are partially covered in large bone plates. (SH +4)
A weak demonic guardian rushes to your aid.
You regenerate a lot of health from kills.


Message History

The shadow imp grinds its teeth.
Your crimson imp barely misses the orc priest.
The kobold demonologist hits your crimson imp but does no damage.
The orc priest invokes the aid of Beogh against you.
Beogh smites you!
* * * LOW HITPOINT WARNING * * *
The sun demon hits you.
* * * LOW HITPOINT WARNING * * *
You are engulfed in flames.
You resist.
* * * LOW HITPOINT WARNING * * *
Your crimson imp closely misses the kobold demonologist.
There is an open door here.
It was a potion of brilliance.
You feel clever all of a sudden.
The orc priest begins to cast a cantrip, but forgets the words!
The kobold demonologist casts a spell.
The sun demon completely misses you.
The orc priest calls down the wrath of Beogh upon you.
Beogh smites you!
You die...

#.# #.# ##.##
#####...#####
#.....©.....#
#.#########.#
#.#8P...P8#.#
#.#P....5P#.#
#.####@####.#
#.#5≈.35≈5#.#
#.#o≈..55o#.#
#.#o≈PP4≈K#.#
#.#o≈≈♣5≈.#.#
#.#.≈≈P≈≈.#.#
#.#.≈...≈.#.#
#.#.≈...≈.#.#
#.####+####.#


You could see a sun demon, an ice devil, a kobold demonologist, 4 orc priests, a
quasit, a white imp, 2 shadow imps, a friendly quasit, a friendly crimson imp
and a friendly shadow imp.

Vanquished Creatures
  Pikel (D:7)
  A hippogriff (D:8)
  2 hungry ghosts
  Duvessa (D:7)
  An orc warrior (D:7)
  An ice beast (D:6)
  A black bear (D:8)
  2 slaves (D:7)
  3 ogres
  2 phantoms
  5 elf zombies (Ossuary)
  4 bullfrogs
  A wyvern zombie (D:6)
  Dowan (D:7)
  4 howler monkeys
  4 centaur zombies
  A crimson imp (D:5)
  2 hounds (D:5)
  A human zombie (Ossuary)
  A jelly (D:7)
  A gnoll shaman (D:5)
  3 orc priests
  4 orc wizards
  A bullfrog skeleton (D:5)
  Terence (D:2)
  Jessica (D:2)
  2 worker ants
  A killer bee zombie (D:7)
  2 hound zombies
  3 mummies (Ossuary)
  4 gnolls (D:5)
  8 adders
  3 shadow imps
  2 oozes
  An adder skeleton (D:4)
  5 worms
  A dart slug (D:1)
  5 leopard geckos
  14 orcs
  7 giant cockroaches
  8 goblins
  6 hobgoblins
  10 jackals
  A quokka (D:3)
  A ball python (D:6)
  9 bats
  6 frilled lizards
  9 kobolds
  8 rats
  2 rat zombies (D:8)
168 creatures vanquished.

Vanquished Creatures (collateral kills)
  Grinder (D:6)
  A hippogriff (D:6)
  A phantom (D:6)
  A black bear (D:7)
  The ghost of Rem the Chiller, an amateur OpIE (D:3)
  An elf zombie (Ossuary)
  A water moccasin zombie (D:6)
  2 centaur zombies (Ossuary)
  A hound (D:5)
  2 orc priests (D:5)
  An adder (D:5)
  5 orcs
18 creatures vanquished.

Vanquished Creatures (others)
  A worker ant (D:7)
1 creature vanquished.

Grand Total: 187 creatures vanquished

Notes
Turn   | Place    | Note
-------+----------+-------------------------------------------
     0 | D:1      | HeyBub the Demonspawn Monk began the quest for the Orb.
     0 | D:1      | Reached XP level 1. HP: 18/18 MP: 1/1
   136 | D:1      | Reached skill level 2 in Stealth
   206 | D:1      | Gained mutation: You have large cloven feet. [demonic ancestry]
   206 | D:1      | Reached XP level 2. HP: 23/24 MP: 2/2
   418 | D:1      | Gained mutation: You regenerate a little health from kills. [demonic ancestry]
   418 | D:1      | Reached XP level 3. HP: 24/29 MP: 3/3
   827 | D:2      | Noticed Terence
   858 | D:2      | Killed Terence
  1068 | D:2      | Noticed Jessica
  1090 | D:2      | Killed Jessica
  1090 | D:2      | Gained mutation: You regenerate health from kills. [demonic ancestry]
  1090 | D:2      | Reached XP level 4. HP: 33/35 MP: 4/4
  1721 | D:3      | Gained mutation: A weak demonic guardian rushes to your aid. [demonic ancestry]
  1721 | D:3      | Reached XP level 5. HP: 40/41 MP: 5/5
  1876 | D:3      | Noticed Rem's ghost (amateur OpIE)
  1883 | D:3      | Killed Rem's ghost
  1883 | D:3      | Reached skill level 1 in Long Blades
  2307 | D:3      | Found a shadowy altar of Dithmenos.
  2416 | D:3      | Became a worshipper of Dithmenos the Shadowed
  2416 | D:3      | Reached * piety under Dithmenos
  2416 | D:3      | Reached ** piety under Dithmenos
  2724 | D:4      | Gained mutation: You regenerate a lot of health from kills. [demonic ancestry]
  2724 | D:4      | Reached XP level 6. HP: 48/48 MP: 6/6
  2797 | D:4      | Reached skill level 3 in Stealth
  3086 | D:5      | Entered Level 5 of the Dungeon
  3363 | D:5      | Reached XP level 7. HP: 54/54 MP: 7/7
  3407 | D:5      | Reached skill level 4 in Stealth
  3443 | D:5      | Learned a level 2 spell: Call Imp
  3446 | D:5      | Learned a level 2 spell: Blink
  3776 | D:6      | Noticed Grinder
  3799 | D:6      | Killed Grinder
  3799 | D:6      | Reached skill level 5 in Stealth
  3867 | D:6      | Found a staircase to the Ecumenical Temple.
  3906 | D:6      | Reached skill level 1 in Summonings
  3906 | D:6      | Gained mutation: You are partially covered in large bone plates. (SH +4) [demonic ancestry]
  3906 | D:6      | Reached XP level 8. HP: 41/61 MP: 2/8
  3941 | D:6      | Noticed a hippogriff
  3941 | D:6      | Reached *** piety under Dithmenos
  3954 | D:6      | Killed a hippogriff
  3954 | D:6      | Reached skill level 1 in Spellcasting
  3992 | D:6      | Found a radiant altar of Vehumet.
  4008 | D:6      | Reached skill level 1 in Translocations
  4192 | D:6      | Found a sparkling altar of Nemelex Xobeh.
  4528 | D:7      | Reached skill level 6 in Stealth
  4588 | D:7      | Learned a level 1 spell: Corona
  4591 | D:7      | Learned a level 2 spell: Slow
  4665 | D:7      | Noticed Pikel
  4686 | D:7      | Killed Pikel
  4686 | D:7      | Reached skill level 5 in Fighting
  4686 | D:7      | Reached skill level 5 in Short Blades
  4686 | D:7      | Reached XP level 9. HP: 49/68 MP: 1/13
  4757 | D:7      | Noticed Dowan
  4759 | D:7      | Noticed Duvessa
  4764 | D:7      | Killed Dowan
  4773 | D:7      | Killed Duvessa
  4773 | D:7      | Reached skill level 1 in Hexes
  4806 | D:7      | Found a glowing golden altar of the Shining One.
  4809 | D:7      | Found a radiant altar of Vehumet.
  4812 | D:7      | Found a sparkling altar of Nemelex Xobeh.
  4972 | D:7      | Found an opulent altar of Gozag.
  5429 | D:8      | Reached **** piety under Dithmenos
  5444 | D:8      | Reached skill level 5 in Dodging
  5444 | D:8      | Reached skill level 7 in Stealth
  5550 | D:8      | Found a sand-covered staircase.
  5566 | Ossuary  | Entered an ossuary
  5700 | Ossuary  | Reached XP level 10. HP: 76/76 MP: 2/16
  5771 | D:8      | Found a transporter.
  5796 | D:8      | Found a transporter.
  5827 | D:8      | Noticed a sun demon
  5832 | D:8      | Killed from afar by an orc priest

Skill      XL: |  1  2  3  4  5  6  7  8  9 |
---------------+----------------------------+-----
Stealth        | 2 3 5 6 7 |  7.2
Short Blades   | 3 4 5 6 |  6.5
Dodging        | 3 4 5 |  5.1
Long Blades    | 2 3 |  3.7
Fighting       | 4 5 |  5.7
Summonings     | 1 3 |  3.9
Spellcasting   | 2 4 |  4.2
Translocations | 1 |  1.5
Hexes          | 1 |  1.8

Action                   |  1- 3 |  4- 6 |  7- 9 | 10-12 || total
-------------------------+-------+-------+-------+-------++-------
Melee: Short sword       |   124 |    52 |   318 |    14 ||   508
       Kick              |    24 |    54 |   118 |     6 ||   202
       Falchion          |       |   121 |       |       ||   121
 Cast: Call Imp          |       |       |    29 |     4 ||    33
       Blink             |       |       |     5 |       ||     5
       Corona            |       |       |    11 |     1 ||    12
       Slow              |       |       |     3 |       ||     3
  Use: Scroll            |     2 |     5 |    10 |       ||    17
       Potion            |     1 |     2 |       |     1 ||     4
 Stab: Sleeping          |     1 |    21 |     9 |       ||    31
       Invisible         |     2 |       |       |       ||     2
       Distracted        |       |     1 |     4 |       ||     5
  Eat: Chunk             |       |     8 |    11 |       ||    19
       Royal jelly       |       |       |     1 |       ||     1
Armor: Robe              |    16 |    32 |    43 |     1 ||    92
       Scale mail        |     5 |       |       |       ||     5
       Plate armour      |       |     3 |       |       ||     3
Dodge: Dodged            |    73 |   106 |   207 |     5 ||   391
Block: Other             |       |       |    50 |     1 ||    51
       Rpst.: Falchion   |       |    18 |       |       ||    18
